 Dungeon Crawl Stone Soup version 0.25.0-1-g7eea58d2a3 (webtiles) character file.

Game seed: 1829811273537897577

14736 MordorOrchid the Frost Mage (level 12, -4/74 HPs)
             Began as an Octopode Ice Elementalist on June 14, 2020.
             Was an Elder of Sif Muna.
             Slain by Jorgrun
             ... wielding a +0 vorpal quarterstaff
              (8 damage)
             ... on level 12 of the Dungeon.
             The game lasted 01:01:41 (13852 turns).

MordorOrchid the Frost Mage (OpIE)                 Turns: 13852, Time: 01:01:42

Health: -4/74      AC:  1    Str:  7    XL:     12   Next: 19%
Magic:  24/25      EV: 14    Int: 28    God:    Sif Muna [****..]
Gold:   573        SH: 11    Dex: 19    Spells: 11/29 levels left

rFire    . . .     SeeInvis .   n - +4 war axe (flame)
rCold    . . .     Gourm    .   j - +2 kite shield
rNeg     . . .     Faith    .   (helmet restricted)
rPois    .         Spirit   .   J - amulet of magic regeneration
rElec    .         Reflect  .   a - +6 ring of intelligence
rCorr    .         Harm     .   G - +6 ring of dexterity
MR       +....                  t - ring of protection from magic
Stlth    ++++......             (no ring)
HPRegen  0.22/turn              (no ring)
MPRegen  0.44/turn              (no ring)
                                (no ring)
                                (no ring)

@: lethally poisoned (-4 -> -5), grasped by roots, constricted, studying
Crossbows
A: almost no armour, stealthy swim, amphibious, 8 rings, constrict 8, camouflage
1, gelatinous body 1
a: Channel Magic, Forget Spell, Divine Exegesis, Renounce Religion


You were on level 12 of the Dungeon.
You worshipped Sif Muna.
Sif Muna was greatly pleased with you.
You were near starving.

You visited 2 branches of the dungeon, and saw 13 of its levels.
You also visited: Sewer.

You collected 824 gold pieces.
You spent 251 gold pieces at shops.

Inventory:

Hand Weapons
 n - a +4 war axe of flaming (weapon)
 p - a +2 trident of freezing
 y - a +4 short sword of electrocution
 z - the cursed +0 hand axe of the Original Sin {elec, rPois Str-4 Dex+6, unknown}
   (You found it on level 11 of the Dungeon)

   Occasionally, upon striking a foe, it will discharge some electrical energy
   and cause terrible harm.
   It affects your strength (-4).
   It affects your dexterity (+6).
   It protects you from poison.
   It has a curse placed upon it.
 S - a +2 short sword of venom
 X - the +6 short sword of Cocytus {antimagic, *Slow rF- rN+ MR+++}
   (You found it on level 10 of the Dungeon)

   It reduces the magical energy of the wielder, and disrupts the spells and
   magical abilities of those hit.
   Natural abilities and divine invocations are not affected.
   It makes you vulnerable to fire.
   It protects you from negative energy.
   It affects your resistance to hostile enchantments.
   It may slow you when you take damage.
 Y - a +3 long sword
Missiles
 g - 2 boomerangs of dispersal
 i - 297 stones
 m - 174 arrows
 o - 4 javelins
 x - 62 sling bullets
 C - 6 poisoned darts (quivered)
 E - 10 curare-tipped darts
 P - 77 bolts
 Q - 9 boomerangs
Armour
 f - a +0 buckler
 j - a +2 kite shield (worn)
 V - a +2 tower shield
Jewellery
 a - a +6 ring of intelligence (left tentacle)
 t - a ring of protection from magic (on tentacle)
 F - an uncursed ring of fire
 G - a +6 ring of dexterity (right tentacle)
 J - an amulet of magic regeneration (around mantle)
Wands
 c - a wand of random effects (5)
 A - a wand of iceblast (18)
 T - a wand of clouds (7)
 W - a wand of paralysis (21)
 Z - a wand of acid (20)
Scrolls
 k - 6 scrolls of remove curse
 r - a scroll of immolation
 u - 6 scrolls of teleportation
 v - 2 scrolls of amnesia
 w - 3 scrolls of fear
 D - 2 scrolls of fog
 L - a scroll of magic mapping {unknown}
 N - 2 scrolls of blinking
 O - a scroll of enchant armour
Potions
 d - 2 potions of invisibility {unknown}
 e - 6 potions of curing
 h - 2 potions of flight
 l - 3 potions of heal wounds
 q - a potion of magic
 s - a potion of ambrosia
 B - 5 potions of brilliance
 H - 2 potions of stabbing
 I - 3 potions of haste
 K - a potion of mutation {unknown}
 R - 2 potions of resistance
 U - 2 potions of lignification
Books
 M - a manual of Crossbows
Comestibles
 b - 22 rations


   Skills:
 - Level 4.0 Fighting
 * Level 6.9 Dodging
 - Level 6.0 Stealth
 * Level 5.6 Shields
 + Level 9.2 Spellcasting
 - Level 5.0 Conjurations
 - Level 2.0 Charms
 * Level 4.4 Summonings
 + Level 10.0 Ice Magic
 - Level 5.0 Invocations
 * Level 4.5 Evocations


You had 11 spell levels left.
You knew the following spells:

 Your Spells              Type           Power        Failure   Level  Hunger
a - Freeze                Ice            ####         1%          1    None
b - Frozen Ramparts       Ice            ######       1%          3    None
c - Call Canine Familiar  Summ           #####...     7%          3    None
r - Hailstorm             Conj/Ice       ######..     6%          4    None
s - Summon Ice Beast      Ice/Summ       ######..     8%          4    None
y - Ozocubu's Armour      Chrm/Ice       #####...     3%          3    None

Your spell library contained the following spells:

 Spells                   Type           Power        Failure   Level  Hunger
 Summon Butterflies       Summ           #####...     2%          1    None
 Summon Mana Viper        Hex/Summ       ####....     85%         5    ####...
 Summon Hydra             Summ           #####.....   100%        7    #######


Dungeon Overview and Level Annotations

Branches:
Dungeon (12/15)            Temple (1/1) D:6            Lair (0/6) D:10
    Orc (0/2) D:11          Sewer (visited)

Altars:
Ashenzari
Cheibriados
Dithmenos
Elyvilon
Fedhas
Gozag
Hepliaklqana
Kikubaaqudgha
Makhleb
Nemelex Xobeh
Okawaru
Qazlal
Ru
Sif Muna
Trog
Uskayaw
Vehumet
Wu Jian
Xom
Yredelemnul
Zin
The Shining One
Lugonu

Shops:
D:4 :[[!(   D:5 ?=   D:6 *   D:7 (   D:8 =   D:11 :

Annotations:
D:9 1 runed translucent door, Mukku's ghost, novice GrFi
D:12 Jorgrun


Innate Abilities, Weirdness & Mutations

You cannot wear most types of armour.
You are very stealthy in the water. (Stealth+)
You are amphibious.
You can wear up to eight rings at the same time.
You can use your tentacles to constrict eight enemies at once.
Your skin changes colour to match your surroundings (Stealth+).
Your rubbery body absorbs attacks. (AC +1, EV +1)


Message History

You feel sick.
E - 10 curare-tipped darts (gained 3)
You are near starving!
You feel sick.
A cyclops comes into view.
The cyclops throws a large rock.
The large rock hits you!!
* * * LOW HITPOINT WARNING * * *
Things that are here:
a large rock; a +0 short sword of distortion; the kobold corpse of Sonja Unknown command.
You swap places.
You feel sick.
You feel yourself speed up.
You feel sick.
Jorgrun points at you and mumbles some strange words.
Roots burst forth from the earth!
The grasping roots grab you!
* * * LOW HITPOINT WARNING * * *
The grasping roots constrict you!
The roots' grasp on you weakens, but your attempt to escape fails.
You die...

###.# #...######
#.#.......
##)(....#
##.C.#......
#..##....... ##..#
.......
####YY###.......
###....@..g.......
.......<...#......
...#.>..####.....
.....#### .....
..... ####


You could see Jorgrun, a cyclops and 2 friendly ice beasts.

Vanquished Creatures
  A two-headed ogre (D:9)
  Sonja (D:12)
  An unseen horror (D:11)
  A guardian serpent (D:11)
  A centaur zombie (D:11)
  3 trolls
  Grinder (D:4)
  A hornet (D:8)
  3 hippogriffs
  16 yaks
  3 vampires
  A spriggan (D:7)
  2 hungry ghosts
  Menkaure (D:4)
  Duvessa (D:5)
  7 orc warriors
  3 ice beasts
  A black bear (D:8)
  Purgy (Sewer)
  7 ogres
  A crocodile (D:10)
  4 centaurs
  A big kobold (D:8)
  4 bullfrogs
  Blork the orc (D:4)
  A wyvern zombie (D:8)
  Dowan (D:5)
  3 scorpions
  5 killer bees
  3 wights (D:11)
  4 howler monkeys
  4 crimson imps
  A bullfrog zombie (D:9)
  2 quasits
  A jelly (D:10)
  10 hounds
  10 orc priests
  3 bullfrog skeletons
  6 iguanas
  Jessica (D:2)
  20 orc wizards
  A worker ant (D:9)
  A killer bee zombie (D:8)
  A howler monkey zombie (D:10)
  A worker ant zombie (D:8)
  4 gnolls (D:9)
  A howler monkey skeleton (D:8)
  13 adders
  2 river rats (D:3)
  2 shadow imps
  An ooze (D:1)
  An adder zombie (D:6)
  2 adder skeletons (D:7)
  A worm (D:3)
  2 dart slugs (D:4)
  3 leopard geckos
  37 orcs
  9 bats
  8 giant cockroaches
  4 goblins
  4 hobgoblins
  14 jackals
  17 kobolds
  3 quokkas
  2 ball pythons
  4 frilled lizards
  A jackal skeleton (D:6)
  13 rats
294 creatures vanquished.

Vanquished Creatures (collateral kills)
  2 two-headed ogres
  10 yaks
  2 ice beasts
  A necrophage (D:9)
  A centaur (D:11)
  A big kobold (D:10)
  A gnoll sergeant (D:9)
  A water moccasin zombie (D:8)
  8 wights
  A centaur zombie (D:9)
28 creatures vanquished.

Vanquished Creatures (others)
  8 toadstools
8 creatures vanquished.

Grand Total: 330 creatures vanquished

Notes
Turn   | Place    | Note
-------+----------+-------------------------------------------
     0 | D:1      | MordorOrchid the Octopode Ice Elementalist began the quest
                  | for the Orb.
     0 | D:1      | Reached XP level 1. HP: 11/11 MP: 3/3
   408 | D:1      | Reached skill level 1 in Shields
   408 | D:1      | Reached XP level 2. HP: 17/17 MP: 1/5
   805 | D:1      | Reached XP level 3. HP: 21/21 MP: 6/6
   810 | D:1      | Learned a level 3 spell: Frozen Ramparts
  1789 | D:2      | Reached XP level 4. HP: 27/27 MP: 3/7
  1801 | D:2      | Learned a level 3 spell: Ozocubu's Armour
  1858 | D:2      | Noticed Jessica
  1884 | D:2      | Killed Jessica
  2506 | D:3      | Reached XP level 5. HP: 26/31 MP: 4/9
  2585 | D:3      | Found a glowing drain.
  2650 | Sewer    | Entered a sewer
  2682 | Sewer    | Noticed Purgy
  2722 | Sewer    | Killed Purgy
  2722 | Sewer    | Reached skill level 5 in Ice Magic
  2722 | Sewer    | Reached XP level 6. HP: 33/36 MP: 4/11
  2955 | D:3      | Learned a level 4 spell: Hailstorm
  3275 | D:4      | Found a shattered altar of Ashenzari.
  3476 | D:4      | Found a snail-covered altar of Cheibriados.
  3847 | D:4      | Found Badd's Distillery.
  3847 | D:4      | Noticed Blork the orc
  3869 | D:4      | Killed Blork the orc
  3869 | D:4      | Reached skill level 1 in Charms
  3869 | D:4      | Reached XP level 7. HP: 19/41 MP: 4/13
  4117 | D:4      | Bought a potion of heal wounds for 55 gold pieces
  4117 | D:4      | Bought a potion of might for 44 gold pieces
  4165 | D:4      | Noticed Menkaure
  4266 | D:4      | Found Juumay's Antique Weapon Shoppe.
  4422 | D:4      | Found Jytemm's Antique Armour Shop.
  4459 | D:4      | Reached skill level 6 in Ice Magic
  4568 | D:4      | Found a shimmering altar of Xom.
  4718 | D:4      | Found Wirhygy's Book Boutique.
  4731 | D:4      | Learned a level 4 spell: Summon Ice Beast
  4807 | D:4      | Found Hijuilag's Antique Armour Emporium.
  4834 | D:4      | Noticed Grinder
  4863 | D:4      | Killed Grinder
  4863 | D:4      | Reached skill level 5 in Spellcasting
  4863 | D:4      | Reached XP level 8. HP: 19/46 MP: 11/15
  5211 | D:4      | Killed Menkaure
  5416 | D:5      | Entered Level 5 of the Dungeon
  5423 | D:5      | Found Hotyiprede's Jewellery Emporium.
  5444 | D:5      | Bought a cursed -4 ring of strength for 20 gold pieces
  5461 | D:5      | Found Uluxoq's Magic Scroll Emporium.
  5474 | D:5      | Bought a scroll of teleportation for 33 gold pieces
  5474 | D:5      | Bought a scroll of fog for 22 gold pieces
  5474 | D:5      | Bought a scroll of identify for 22 gold pieces
  5496 | D:5      | Noticed Duvessa
  5693 | D:5      | Found a shimmering altar of Xom.
  6007 | D:5      | Noticed Dowan
  6052 | D:5      | Killed Duvessa
  6052 | D:5      | Reached skill level 1 in Fighting
  6052 | D:5      | Reached skill level 1 in Conjurations
  6052 | D:5      | Reached skill level 1 in Summonings
  6096 | D:5      | Killed Dowan
  6186 | D:5      | Bought a scroll of random uselessness for 11 gold pieces
  6187 | D:5      | Bought a scroll of identify for 22 gold pieces
  6209 | D:6      | Found a staircase to the Ecumenical Temple.
  6247 | Temple   | Entered the Ecumenical Temple
  6410 | Temple   | Became a worshipper of Sif Muna the Loreminder
  6500 | D:6      | Reached skill level 7 in Ice Magic
  6640 | D:6      | Reached XP level 9. HP: 53/53 MP: 14/18
  6686 | D:6      | Found Gozag's Platinum Reserve.
  6694 | D:6      | Found an opulent altar of Gozag.
  6768 | D:6      | Noticed a +0 dagger
  6768 | D:6      | Noticed a +0 dagger
  6769 | D:6      | Found a hide-covered altar of Uskayaw.
  7245 | D:7      | Reached skill level 1 in Invocations
  7424 | D:7      | Found a stormy altar of Qazlal.
  7548 | D:7      | Found an ornate altar of the Wu Jian Council.
  7855 | D:7      | Found Tadi's Weapon Shoppe.
  7867 | D:7      | Bought 3 boomerangs for 22 gold pieces
  8069 | D:7      | You fall into a shaft and drop 1 floor!
  8069 | D:8      | Found Fodofin's Jewellery Emporium.
  8585 | D:8      | Found a glowing silver altar of Zin.
  8588 | D:8      | Found a sparkling altar of Nemelex Xobeh.
  8591 | D:8      | Found an ancient bone altar of Kikubaaqudgha.
  8594 | D:8      | Found a basalt altar of Yredelemnul.
  8610 | D:8      | Noticed a hornet
  8621 | D:8      | Killed a hornet
  8680 | D:8      | Found a blossoming altar of Fedhas.
  8704 | D:8      | Reached * piety under Sif Muna
  8861 | D:8      | Reached XP level 10. HP: 60/60 MP: 14/20
  8965 | D:8      | Found a shadowy altar of Dithmenos.
  8971 | D:8      | Reached skill level 8 in Ice Magic
  9327 | D:8      | Reached skill level 5 in Dodging
  9403 | D:9      | Reached skill level 5 in Stealth
  9827 | D:9      | Noticed a two-headed ogre
  9979 | D:9      | Killed a two-headed ogre
 10049 | D:9      | Found a runed translucent door.
 10050 | D:9      | Noticed Mukku's ghost (novice GrFi)
 10072 | D:9      | Found a white marble altar of Elyvilon.
 10082 | D:9      | Reached ** piety under Sif Muna
 10294 | D:9      | Reached skill level 1 in Evocations
 10719 | D:10     | Entered Level 10 of the Dungeon
 10979 | D:9      | Reached XP level 11. HP: 40/67 MP: 14/23
 11126 | D:10     | Noticed a two-headed ogre
 11143 | D:10     | Killed a two-headed ogre
 11365 | D:10     | Got a transparent short sword
 11689 | D:10     | Found a staircase to the Lair.
 11710 | D:10     | Reached skill level 9 in Ice Magic
 12343 | D:11     | Reached *** piety under Sif Muna
 12540 | D:11     | Reached skill level 5 in Invocations
 12840 | D:11     | Noticed a two-headed ogre
 12850 | D:11     | Killed a two-headed ogre
 12850 | D:11     | Reached skill level 5 in Shields
 12931 | D:11     | Identified the +6 short sword of Cocytus {antimagic, *Slow
                  | rF- rN+ MR+++} (You found it on level 10 of the Dungeon)
 13090 | D:11     | Reached **** piety under Sif Muna
 13225 | D:11     | Reached XP level 12. HP: 74/74 MP: 19/25
 13267 | D:11     | Found a staircase to the Orcish Mines.
 13412 | D:11     | Found Dinamuf's Book Shop.
 13422 | D:11     | Got a twisted hand axe
 13453 | D:11     | Reached skill level 5 in Conjurations
 13667 | D:11     | Learned a level 3 spell: Call Canine Familiar
 13748 | D:11     | Reached skill level 10 in Ice Magic
 13826 | D:12     | Noticed Sonja
 13833 | D:12     | Killed Sonja
 13836 | D:12     | Noticed Jorgrun
 13852 | D:12     | Slain by Jorgrun

Illustrated notes

Levels and vault maps discovered:
D:1:      ldierk_walled_garden_2, layout_basic, serial_glass, glass_columns_a,
          glass_columns_c, glass_columns_b, glass_columns_c, glass_columns_a,
          glass_columns_a, glass_columns_a, glass_columns_b,
          minmay_misc_feat_ornament, hex_intersection, roderic_roman_lattice
D:2:      layout_basic, uniq_jessica
D:3:      layout_rooms, portal_sewer_entry_b
D:4:      layout_cave_pods, kennysheep_slug_shrine,
          nicolae_ashenzari_panopticon, serial_shops, kennysheep_little_box,
          nicolae_shop_overgrown_old_shop, shop, shop_fountains, shop,
          chequers_serial_rivers_small_a, hangedman_decor_clover_reticule,
          xom_teletrap_fun, uniq_menkaure, uniq_grinder, uniq_blork_the_orc
D:5:      layout_rooms, old_standard_altar, serial_shops, nicolae_shop_trees,
          nicolae_shop_trees, first_ration, nicolae_underground_beach,
          uniq_duvessa
D:6:      layout_rooms, dancing_weapons_uskayaw, minmay_temple_entry_mini_moons,
          nicolae_gozag_zags_fifth_avenue
D:7:      layout_basic, nicolae_overflow_crystal_walls,
          nicolae_qazlal_general_emergency, serial_shops, kennysheep_mini_moat,
          the_bakery, minmay_manual_maat
D:8:      layout_basic, grunt_dithmenos_smoke_and_mirrors, lemuel_crystal_altar,
          grunt_temple_overflow_cloverleaf, serial_glass, glass_columns_b,
          glass_columns_a, glass_columns_a, glass_columns_b, glass_columns_b,
          glass_columns_a, glass_columns_a, glass_columns_b, serial_shops,
          nicolae_shop_crystal
D:9:      layout_rooms, elyvilon_altar_5, ebering_ghost_inner_flame,
          minmay_gold_behind_fungi
D:10:     layout_cave_pools, lair_entry_dummy
D:11:     layout_loops_ring, david_orc_4, serial_shops, shop,
          nrook_guardian_serpent_double
D:12:     layout_rooms, serial_shops,
          nicolae_shop_temple_entry_statues_fountains, special_room
          [special_room_orc], onia_ninara_cookie, uniq_nergalle, uniq_jorgrun,
          uniq_nessos, uniq_azrael, uniq_sonja, uniq_josephine
Temple:   kb_corrupted_temple

Skill      XL: |  1  2  3  4  5  6  7  8  9 10 11 12 |
---------------+-------------------------------------+-----
Shields        | 1 2 3 4 5 |  5.6
Spellcasting   | 3 4 5 6 7 8 9 |  9.2
Ice Magic      | 5 6 7 8 9 10 | 10.0
Charms         | 1 2 |  2.0
Dodging        | 3 4 5 6 |  6.9
Stealth        | 3 4 6 |  6.0
Fighting       | 1 2 3 4 |  4.0
Conjurations   | 1 3 4 5 |  5.0
Summonings     | 1 3 4 |  4.4
Invocations    | 2 4 5 |  5.0
Evocations     | 2 4 |  4.5

Action                   |  1- 3 |  4- 6 |  7- 9 | 10-12 || total
-------------------------+-------+-------+-------+-------++-------
Melee: Club              |    13 |       |       |       ||    13
       Constrict         |     5 |     4 |    25 |    18 ||    52
       Unarmed           |     2 |       |       |       ||     2
       Dagger            |    11 |    14 |       |       ||    25
       Tentacles         |     1 |       |    15 |    16 ||    32
       War axe           |       |     3 |    85 |    99 ||   187
Throw: Dart              |    11 |    39 |    38 |    45 ||   133
       Stone             |     1 |     2 |     9 |       ||    12
 Cast: Freeze            |    21 |    11 |     5 |       ||    37
       Frozen Ramparts   |     5 |    21 |    53 |    61 ||   140
       Ozocubu's Armour  |       |     1 |     2 |     8 ||    11
       Summon Ice Beast  |       |       |     5 |    50 ||    55
       Hailstorm         |       |       |     3 |    13 ||    16
Evoke: Wand              |       |       |       |     4 ||     4
  Use: Scroll            |       |     6 |     4 |    14 ||    24
       Potion            |       |     1 |     2 |     1 ||     4
 Stab: Sleeping          |    13 |     3 |     5 |     5 ||    26
       Distracted        |       |       |       |     1 ||     1
  Eat: Chunk             |     3 |     8 |    18 |    15 ||    44
       Ration            |       |       |       |     1 ||     1
Armor: Skin              |     6 |     6 |    12 |     7 ||    31
Dodge: Dodged            |    11 |    15 |    73 |    93 ||   192
Block: Buckler           |     8 |    10 |    37 |    34 ||    89
       Kite shield       |       |       |       |    17 ||    17
